[Event "Titled Tuesday Blitz July 25 Early 2023"]
[White "Molina Carretero, Daniel"]
[Black "Eynullayev, Altay"]
[WhiteFideId "32071914"]
[BlackFideId "13413562"]
[WhiteElo "2418"]
[BlackElo "2549"]
[Result "0-1"]
[Round "6"]
[TimeControl "180+2"]
[Date "2023.07.25"]
[WhiteClock "0:00:00"]
[BlackClock "0:00:04"]
[Board "118"]

1. c4 Nf6 2. g3 e6 3. Nf3 d5 4. b3 Be7 5. Bg2 O-O 6. O-O b6 7. Bb2 Bb7 8. e3 c5 9. Nc3 Nc6 10. cxd5 exd5 11. d4 Rc8 12. Rc1 Re8 13. dxc5 Bxc5 14. Nb5 Ne4 15. Nbd4 Nxd4 16. Nxd4 f6 17. Bh3 Rc7 18. Ne6 Rxe6 19. Bxe6+ Kh8 20. b4 Bd6 21. Rxc7 Bxc7 22. Qh5 Ng5 23. Bg4 Kg8 24. Rd1 g6 25. Qh6 Nf7 26. Be6 Qe7 27. Bxf7+ Qxf7 28. Qh4 Bd8 29. Qd4 Be7 30. g4 Qe6 31. g5 Kf7 32. gxf6 Bd6 33. Qh4 h5 34. Bd4 Qf5 35. Rc1 Bc8 36. f4 Be6 37. Qg5 Qh3 38. Qg3 Qf5 39. Rc6 Bb8 40. Qg5 Qb1+ 41. Kf2 Qxa2+ 42. Kg3 Qb1 43. Kg2 Bf5 0-1


[Site "https://www.chess.com"]

[Event "Titled Tuesday Blitz July 25 Early 2023"]
[White "Tobak, Mikhail"]
[Black "Fiorito, Francisco"]
[WhiteFideId "14165570"]
[BlackFideId "180165"]
[WhiteElo "2414"]
[BlackElo "2546"]
[Result "0-1"]
[Round "6"]
[TimeControl "180+2"]
[Date "2023.07.25"]
[WhiteClock "0:00:02"]
[BlackClock "0:00:07"]
[Board "119"]

1. e4 c5 2. Nf3 Nc6 3. Bb5 g6 4. O-O Bg7 5. c3 Nf6 6. e5 Nd5 7. d4 cxd4 8. cxd4 O-O 9. Nc3 Nxc3 10. bxc3 d5 11. h3 h6 12. Be3 a6 13. Bd3 Na5 14. Nd2 b5 15. f4 Bf5 16. Qc2 e6 17. g4 Bxd3 18. Qxd3 f5 19. exf6 Qxf6 20. Nf3 Nc4 21. Ne5 Nxe5 22. fxe5 Qh4 23. Kg2 Kh7 24. Rxf8 Rxf8 25. a4 Rc8 26. axb5 axb5 27. Rb1 Qe7 28. Rxb5 Qa3 29. Bd2 Qa6 30. Qb1 Rf8 31. Be3 Qa3 32. Qb2 Qa4 33. Rb7 Qd1 34. Bf2 Qd3 35. Ra7 Qf3+ 36. Kg1 Qxh3 37. Qe2 Qxc3 38. Kg2 Qc1 39. Re7 Qc6 40. Qd3 Qb6 41. g5 h5 42. Rd7 Rf5 43. Rd6 Qb8 44. Rxe6 Rxg5+ 45. Kf1 Qf8 46. Ke2 Rf5 47. Be3 Qb4 48. Qd2 Qc4+ 49. Qd3 Qa2+ 50. Qd2 Qb1 51. Bf2 Qh1 52. Qe3 Qg2 53. Rd6 Qg4+ 54. Kd2 h4 55. Rxd5 h3 56. Ra5 Qg2 57. Ra1 h2 58. Ke2 h1=Q 59. Rxh1+ Qxh1 60. e6 Qh5+ 61. Kd2 Bh6 62. e7 Bxe3+ 63. Bxe3 Qh2+ 64. Kd3 Qb8 65. Ke4 Qe8 66. d5 Qxe7+ 67. Kd4 Qe5+ 68. Kc4 Qxe3 0-1


[Site "https://www.chess.com"]

[Event "Titled Tuesday Blitz July 25 Early 2023"]
[White "Eggleston, Thomas A"]
[Black "To, Nhat Minh"]
[WhiteFideId "412139"]
[BlackFideId "729019"]
[WhiteElo "2400"]
[BlackElo "2540"]
[Result "1-0"]
[Round "6"]
[TimeControl "180+2"]
[Date "2023.07.25"]
[WhiteClock "0:00:07"]
[BlackClock "0:00:00"]
[Board "120"]

1. e4 c5 2. Nf3 d6 3. Bc4 Nf6 4. d3 Nc6 5. c3 e6 6. O-O a6 7. Bb3 Be7 8. Re1 O-O 9. d4 cxd4 10. cxd4 e5 11. h3 Nd7 12. Nc3 exd4 13. Nxd4 Nc5 14. Nxc6 bxc6 15. Bc2 Bf6 16. Be3 Rb8 17. Bxc5 dxc5 18. e5 Be7 19. Qe2 g6 20. Bb3 Rb4 21. Rad1 Rd4 22. Rxd4 cxd4 23. Ne4 Qc7 24. f4 Kg7 25. Kh1 f5 26. Nd2 Bb4 27. Rd1 Rd8 28. e6 Be7 29. Nc4 Qxf4 30. Rxd4 Qxd4 31. Ne5 Qd6 32. Nf7 Qd2 33. Qe5+ Bf6 34. Qc7 Qc1+ 35. Kh2 1-0


[Site "https://www.chess.com"]

[Event "Titled Tuesday Blitz July 25 Early 2023"]
[White "Mejia, Cherry Ann"]
[Black "Hansch, Karsten"]
[WhiteFideId "5206880"]
[BlackFideId "24692239"]
[WhiteElo "2398"]
[BlackElo "2539"]
[Result "0-1"]
[Round "6"]
[TimeControl "180+2"]
[Date "2023.07.25"]
[WhiteClock "0:00:00"]
[BlackClock "0:00:22"]
[Board "121"]

1. e4 c6 2. d4 d5 3. Nd2 dxe4 4. Nxe4 Nf6 5. Nxf6+ exf6 6. c3 Bd6 7. Bd3 O-O 8. Qc2 Re8+ 9. Ne2 f5 10. Bd2 c5 11. O-O-O Nc6 12. Rhe1 cxd4 13. cxd4 Be6 14. Kb1 Rc8 15. Qa4 Qh4 16. Bc3 Qxf2 17. d5 Bxd5 18. Rf1 Qe3 19. Bxf5 Bxg2 20. Bxc8 Bxf1 21. Qg4 Be5 22. Rxf1 Bxc3 23. Nxc3 Qd3+ 24. Kc1 Qxf1+ 25. Kc2 Qf2+ 26. Kb3 Nd4+ 27. Ka3 Ne6 28. Bxe6 Rxe6 29. Qc4 g6 30. Qc8+ Kg7 31. Qxb7 Qb6 32. Qxb6 Rxb6 33. b4 f5 34. Nd5 Rb7 35. Kb3 Rd7 36. Kc4 Kf7 37. a4 Ke6 38. Nf4+ Ke5 39. Nd3+ Rxd3 40. Kxd3 Kd5 41. h4 h6 42. a5 g5 43. hxg5 hxg5 44. b5 Kc5 45. b6 axb6 46. a6 Kc6 47. Kc4 Kc7 48. Kd4 Kb8 0-1


[Site "https://www.chess.com"]

[Event "Titled Tuesday Blitz July 25 Early 2023"]
[White "Gontcharov, Vladislav"]
[Black "Namitbir Singh Walia"]
[WhiteFideId "4123492"]
[BlackFideId "35071068"]
[WhiteElo "2536"]
[BlackElo "2382"]
[Result "1/2-1/2"]
[Round "6"]
[TimeControl "180+2"]
[Date "2023.07.25"]
[WhiteClock "0:00:08"]
[BlackClock "0:00:04"]
[Board "122"]

1. d4 d5 2. c4 c6 3. Nf3 Nf6 4. e3 e6 5. Nbd2 Nbd7 6. Bd3 Be7 7. O-O O-O 8. e4 dxe4 9. Nxe4 Nxe4 10. Bxe4 Nf6 11. Bc2 h6 12. Qe2 b6 13. Bf4 Bb7 14. Rad1 Qc8 15. Rfe1 Rd8 16. a3 a5 17. Ne5 Bf8 18. Rd3 c5 19. dxc5 Rxd3 20. Nxd3 Bxc5 21. Nxc5 Qxc5 22. Be3 Qc6 23. f3 Ba6 24. Bd3 Rc8 25. Rc1 a4 26. Qf2 Nd7 27. Bf1 Nc5 28. Qh4 Qd7 29. Be2 Qd8 30. Qxd8+ Rxd8 31. Kf2 Kf8 32. Bxc5+ bxc5 33. Rd1 Ke7 34. Rxd8 Kxd8 35. Bd1 Bxc4 36. Bxa4 Kc7 37. Ke3 Kd6 38. Be8 f6 39. Kd2 e5 40. g3 Bd5 41. Ke3 f5 42. Bg6 Be6 43. Be8 Ke7 44. Bb5 g5 45. b4 Kd6 46. Kd2 Bd5 47. Be2 cxb4 48. axb4 Kc6 49. Kc3 Kb6 50. h4 f4 51. gxf4 exf4 52. hxg5 hxg5 53. Kd4 Bc6 54. Ke5 Bb5 55. Bd1 Bd7 56. Kf6 Kb5 57. Kxg5 Kxb4 58. Kxf4 Bc6 59. Ke3 Bxf3 1/2-1/2


[Site "https://www.chess.com"]

[Event "Titled Tuesday Blitz July 25 Early 2023"]
[White "Fisabilillah, Ummi"]
[Black "Terletsky, Oleg"]
[WhiteFideId "7104804"]
[BlackFideId "14116774"]
[WhiteElo "2378"]
[BlackElo "2532"]
[Result "1-0"]
[Round "6"]
[TimeControl "180+2"]
[Date "2023.07.25"]
[WhiteClock "0:00:33"]
[BlackClock "0:00:00"]
[Board "123"]

1. e4 e5 2. Nf3 Nc6 3. Bc4 Nf6 4. d3 h6 5. O-O d6 6. c3 g6 7. Nbd2 Bg7 8. Re1 O-O 9. Bb3 Nh5 10. Nf1 Kh8 11. d4 exd4 12. Nxd4 Ne5 13. Ng3 Nxg3 14. hxg3 h5 15. Bf4 h4 16. gxh4 Qxh4 17. Bg3 Qh6 18. f3 a6 19. Kf2 Kg8 20. Rh1 Qg5 21. Bh4 Qf4 22. Ke2 Bh6 23. Bf2 c5 24. Nc2 Bg7 25. Ne1 c4 26. Bc2 b5 27. Qxd6 Be6 28. Qc5 Rad8 29. Qe3 Qf6 30. Bh4 1-0


[Site "https://www.chess.com"]

[Event "Titled Tuesday Blitz July 25 Early 2023"]
[White "Garakov, Mikhael"]
[Black "Wernberg, Hugo"]
[WhiteFideId "4169034"]
[BlackFideId "1737511"]
[WhiteElo "2528"]
[BlackElo "2356"]
[Result "1-0"]
[Round "6"]
[TimeControl "180+2"]
[Date "2023.07.25"]
[WhiteClock "0:00:16"]
[BlackClock "0:00:00"]
[Board "124"]

1. e4 e5 2. Nf3 Nc6 3. Bb5 a6 4. Bxc6 dxc6 5. O-O Qf6 6. d4 exd4 7. Qxd4 Qxd4 8. Nxd4 Bd7 9. Nc3 O-O-O 10. Be3 Bb4 11. a3 Ba5 12. Nb3 Bb6 13. Nc5 Bxc5 14. Bxc5 b6 15. Bd4 f6 16. Rad1 c5 17. Be3 Ne7 18. f3 Be6 19. Kf2 Nc6 20. Rxd8+ Rxd8 21. Rd1 Nd4 22. Rd2 Rd7 23. g4 Kb7 24. h4 Kc6 25. Bf4 b5 26. Nd1 b4 27. Ne3 a5 28. a4 c4 29. g5 fxg5 30. hxg5 Kc5 31. Be5 c3 32. bxc3 bxc3 33. Rd3 Nc6 34. Rxc3+ Kb6 35. Bxg7 Rxg7 36. f4 1-0


[Site "https://www.chess.com"]

[Event "Titled Tuesday Blitz July 25 Early 2023"]
[White "Sreyas Payyappat"]
[Black "Llanos, Guillermo"]
[WhiteFideId "46674969"]
[BlackFideId "100358"]
[WhiteElo "2509"]
[BlackElo "2371"]
[Result "1-0"]
[Round "6"]
[TimeControl "180+2"]
[Date "2023.07.25"]
[WhiteClock "0:01:25"]
[BlackClock "0:00:35"]
[Board "125"]

1. e4 Nf6 2. e5 Nd5 3. d4 d6 4. c4 Nb6 5. exd6 cxd6 6. Nc3 g6 7. Nf3 Bg7 8. Be3 O-O 9. Qd2 Bg4 10. Be2 Bxf3 11. gxf3 d5 12. c5 Nc4 13. Bxc4 dxc4 14. h4 Nc6 15. h5 Nxd4 16. O-O-O e5 17. f4 Nf5 18. Qe2 Qa5 19. hxg6 hxg6 20. Qg4 Nxe3 21. fxe3 Qxc5 22. Nd5 Rfe8 23. f5 c3 24. fxg6 cxb2+ 25. Kb1 Red8 26. gxf7+ Kf8 27. Rh8+ Kxf7 28. Rf1+ 1-0


[Site "https://www.chess.com"]

[Event "Titled Tuesday Blitz July 25 Early 2023"]
[White "LLariMarc"]
[Black "Mei, Austin"]
[BlackFideId "30948479"]
[WhiteElo "2334"]
[BlackElo "2500"]
[Result "1-0"]
[Round "6"]
[TimeControl "180+2"]
[Date "2023.07.25"]
[WhiteClock "0:01:41"]
[BlackClock "0:00:23"]
[Board "126"]

1. d4 f5 2. g4 d5 3. gxf5 Bxf5 4. Nf3 Nc6 5. Nbd2 Nf6 6. c3 Qd6 7. Nb3 e5 8. dxe5 Nxe5 9. Nxe5 Qxe5 10. Qd4 Bd6 11. Qxe5+ Bxe5 12. Be3 c6 13. Bd4 Bd6 14. Bxf6 gxf6 15. e3 Rg8 16. Nd4 Bd7 17. Bd3 c5 18. Nf5 Bxf5 19. Bxf5 Ke7 20. Bxh7 Rh8 21. Bc2 Bxh2 22. O-O-O Ke6 23. Bb3 c4 24. Bc2 Bc7 25. Kd2 f5 26. Ke2 f4 27. e4 dxe4 28. Bxe4 Rxh1 29. Rxh1 Re8 30. Bxb7 Kf5+ 31. Kf3 Rb8 32. Be4+ Kf6 33. Rb1 Be5 34. Ke2 a5 35. Kd2 a4 36. a3 Kg5 37. Rg1+ Kf6 38. Kc2 Bd6 39. Rg6+ Ke5 40. f3 Rh8 41. Rg5+ Kf6 42. Rd5 Ke6 43. Rd2 Bc5 44. Bd5+ Ke5 45. Bxc4 Be3 46. Re2 Rh3 47. Bb5 Rxf3 48. Bxa4 Rg3 49. Bc6 Kd6 50. Be4 Bb6 51. a4 f3 52. Bxf3 Rxf3 53. Kb3 Rf4 54. Rh2 Kc6 55. Rh6+ Kb7 56. Ka3 Rf3 57. Rh5 Kc6 58. Rb5 Bc5+ 59. Ka2 Bd6 60. Rb3 Rf4 61. Kb1 Rxa4 62. Kc2 Bc5 63. Rb8 Ra7 64. Rh8 Rg7 65. Rh6+ Kb5 66. b4 Rg2+ 67. Kb3 Rg5 68. c4# 1-0


[Site "https://www.chess.com"]

[Event "Titled Tuesday Blitz July 25 Early 2023"]
[White "kiwibobo"]
[Black "Roberson, Peter T"]
[BlackFideId "412384"]
[WhiteElo "2329"]
[BlackElo "2498"]
[Result "1-0"]
[Round "6"]
[TimeControl "180+2"]
[Date "2023.07.25"]
[WhiteClock "0:00:48"]
[BlackClock "0:00:00"]
[Board "127"]

1. e4 e6 2. d4 d5 3. Nd2 Be7 4. Ngf3 Nf6 5. e5 Nfd7 6. c3 c5 7. Bd3 Nc6 8. O-O a5 9. Re1 cxd4 10. cxd4 Qb6 11. h3 a4 12. a3 Nxd4 13. Nxd4 Qxd4 14. Nf3 Qb6 15. Be3 Bc5 16. Rc1 h6 17. Rxc5 Nxc5 18. Qc2 Nxd3 19. Bxb6 Nxe1 20. Nxe1 O-O 21. Qc7 f5 22. Bc5 Rf7 23. Qd8+ Kh7 24. Qe8 Rc7 25. Bd6 Rc1 26. Qf7 Rxe1+ 27. Kh2 Bd7 28. Qxd7 d4 29. Qxe6 Kh8 30. Qxf5 Re8 31. Qf7 Rd8 32. Bf8 Rxf8 33. Qxf8+ Kh7 34. Qd6 Kh8 35. Qxd4 b5 36. Qd6 1-0


[Site "https://www.chess.com"]

[Event "Titled Tuesday Blitz July 25 Early 2023"]
[White "SmirnovAlexandrA"]
[Black "Szente Varga, Fruzsina"]
[BlackFideId "712264"]
[WhiteElo "2497"]
[BlackElo "2325"]
[Result "1-0"]
[Round "6"]
[TimeControl "180+2"]
[Date "2023.07.25"]
[WhiteClock "0:00:51"]
[BlackClock "0:00:39"]
[Board "128"]

1. e4 e5 2. d4 exd4 3. Qxd4 Nc6 4. Qe3 Nf6 5. Nc3 Be7 6. Bd2 O-O 7. O-O-O Re8 8. Qg3 Bb4 9. f3 d5 10. exd5 Nxd5 11. Nxd5 Qxd5 12. Bxb4 Qxa2 13. Bc3 g6 14. Bd3 a5 15. Ne2 Nb4 16. Qh4 Qe6 17. Qh6 Na2+ 18. Kd2 Nxc3 19. Nxc3 Bd7 20. h4 Qb6 21. h5 Re7 22. hxg6 fxg6 23. Nd5 Qf2+ 24. Kc1 Rf7 25. Rd2 Qg3 26. Nf6+ Rxf6 27. Qxh7+ Kf8 28. Qh8+ Ke7 29. Rh7+ Rf7 30. Rxf7+ Kxf7 31. Qxa8 Qe1+ 32. Rd1 Qe3+ 33. Kb1 Bc6 34. Qxa5 Qf2 35. Bc4+ Kg7 36. Qe5+ 1-0


[Site "https://www.chess.com"]

[Event "Titled Tuesday Blitz July 25 Early 2023"]
[White "Fernandez Siles, Luis"]
[Black "Fontaine, Quentin"]
[WhiteFideId "2209420"]
[BlackFideId "230804"]
[WhiteElo "2316"]
[BlackElo "2494"]
[Result "0-1"]
[Round "6"]
[TimeControl "180+2"]
[Date "2023.07.25"]
[WhiteClock "0:00:00"]
[BlackClock "0:01:13"]
[Board "129"]

1. e4 e5 2. Nf3 Nc6 3. Nc3 Nf6 4. Bc4 Nxe4 5. O-O Nxc3 6. dxc3 h6 7. Qd5 Qf6 8. Re1 d6 9. Bb5 Bd7 10. Nd4 Nd8 11. f4 c6 12. fxe5 dxe5 13. Rxe5+ Be7 14. Qe4 cxb5 15. Be3 Nc6 16. Nxc6 Bxc6 0-1


[Site "https://www.chess.com"]

[Event "Titled Tuesday Blitz July 25 Early 2023"]
[White "Salman, Pavel"]
[Black "Kayis, Gulcan Sena"]
[WhiteFideId "24153753"]
[BlackFideId "34553045"]
[WhiteElo "2494"]
[BlackElo "2264"]
[Result "1-0"]
[Round "6"]
[TimeControl "180+2"]
[Date "2023.07.25"]
[WhiteClock "0:01:02"]
[BlackClock "0:00:16"]
[Board "130"]

1. c4 Nf6 2. b3 e6 3. Bb2 Be7 4. d4 d5 5. Nf3 c6 6. Ne5 O-O 7. e3 Nbd7 8. f4 c5 9. Be2 dxc4 10. bxc4 cxd4 11. exd4 Qb6 12. Qb3 Bb4+ 13. Nc3 Bxc3+ 14. Bxc3 Ne4 15. Nxd7 Qxb3 16. axb3 Bxd7 17. Bb4 Rfd8 18. Bf3 Bc6 19. Rd1 a5 20. Ba3 Nc3 21. Rd3 Ne4 22. O-O Nf6 23. Bxc6 bxc6 24. Bc5 Rab8 25. Ra1 Ra8 26. Bb6 Rd7 27. Rxa5 Rxa5 28. Bxa5 Kf8 29. Kf2 Ne4+ 30. Ke3 f5 31. g4 g6 32. g5 Ke8 33. h4 Ra7 34. b4 Kd7 35. d5 cxd5 36. cxd5 Rb7 37. dxe6+ Kxe6 38. Rd8 Nd6 39. Kd4 Nf7 40. Re8+ Kd7 41. Rf8 Ke7 42. Ra8 Rd7+ 43. Kc5 Rd1 44. b5 Rf1 45. Bc7 Rc1+ 46. Kb6 Kd7 47. Ra7 Kc8 48. Be5 Nxe5 49. fxe5 f4 50. Rxh7 f3 51. e6 Kd8 52. Rf7 Re1 53. Rf8+ Ke7 54. Rxf3 Rxe6+ 55. Kc7 Re4 56. b6 Rxh4 57. Re3+ Kf8 58. b7 Rc4+ 59. Kd7 Rd4+ 60. Kc6 Rc4+ 61. Kb5 1-0


[Site "https://www.chess.com"]

[Event "Titled Tuesday Blitz July 25 Early 2023"]
[White "Ginzburg, Yakov"]
[Black "Atakhan, Abtin"]
[WhiteFideId "4157176"]
[BlackFideId "22502203"]
[WhiteElo "2493"]
[BlackElo "2738"]
[Result "0-1"]
[Round "6"]
[TimeControl "180+2"]
[Date "2023.07.25"]
[WhiteClock "0:00:00"]
[BlackClock "0:00:04"]
[Board "131"]

1. d4 Nf6 2. g3 d5 3. Bg2 Bf5 4. c4 e6 5. Nc3 Bb4 6. Qb3 Nc6 7. Nf3 dxc4 8. Qxc4 Qd5 9. Qxd5 exd5 10. Bd2 O-O 11. O-O Rfe8 12. e3 a5 13. Rac1 a4 14. a3 Bxc3 15. Bxc3 Be4 16. Rfd1 Nd7 17. Ne5 Ndxe5 18. Bxe4 dxe4 19. dxe5 Red8 20. Kg2 Kf8 21. Bd4 Ke7 22. Rc4 Ke6 23. Rdc1 Rd5 24. Rxc6+ bxc6 25. Rxc6+ Kd7 26. Rc4 Raa5 27. Bc3 Ra6 28. Rxe4 c5 29. f4 Ke6 30. Kf3 Rd1 31. g4 g6 32. f5+ gxf5 33. gxf5+ Kxf5 34. Rf4+ Kg6 35. Rg4+ Kh5 36. Rg7 Kh6 37. Rg3 Re6 38. Ke4 Kh5 39. Rg7 f6 40. Kf5 Kh6 41. exf6 Rxe3 42. f7 Rf1+ 43. Kg4 Rxc3 44. Rg8 Rc4+ 45. Kg3 Rxf7 46. Rc8 Rd7 47. h4 Rd3+ 48. Kf2 Rc2+ 49. Ke1 c4 50. Rc5 Rh3 51. Rc6+ Kh5 52. Kd1 Rxb2 53. Kc1 Rg2 54. Rc5+ Kxh4 55. Rxc4+ Kg5 56. Rc5+ Kf6 57. Rc6+ Ke7 58. Rh6 Rxh6 0-1


[Site "https://www.chess.com"]

[Event "Titled Tuesday Blitz July 25 Early 2023"]
[White "Danielyan, Vahe"]
[Black "Feliz Dotel, Dewar Bienvenido"]
[WhiteFideId "13304828"]
[BlackFideId "6402801"]
[WhiteElo "2638"]
[BlackElo "2092"]
[Result "1-0"]
[Round "6"]
[TimeControl "180+2"]
[Date "2023.07.25"]
[WhiteClock "0:02:41"]
[BlackClock "0:00:40"]
[Board "132"]

1. d4 d5 2. Nc3 e6 3. e4 dxe4 4. Nxe4 Nf6 5. Bg5 Be7 6. Bxf6 Bxf6 7. Nf3 O-O 8. c3 b6 9. Bd3 Bb7 10. Qc2 Nd7 11. O-O-O Rc8 12. Kb1 Bxe4 13. Bxe4 g6 14. h4 Bg7 15. h5 Qf6 16. g4 c5 17. d5 exd5 18. Rxd5 Rfd8 19. Rhd1 Nf8 20. g5 Qe6 21. Rxd8 Rxd8 22. Rxd8 b5 23. h6 Bh8 24. Qd3 f6 25. Bd5 1-0


[Site "https://www.chess.com"]

[Event "Titled Tuesday Blitz July 25 Early 2023"]
[White "Rios Escobar, Adan"]
[Black "Iskusnyh, Sergei"]
[WhiteFideId "3403645"]
[BlackFideId "4120027"]
[WhiteElo "2412"]
[BlackElo "2617"]
[Result "0-1"]
[Round "6"]
[TimeControl "180+2"]
[Date "2023.07.25"]
[WhiteClock "0:00:26"]
[BlackClock "0:00:57"]
[Board "133"]

1. d4 d5 2. g3 Nf6 3. Nf3 c6 4. c4 Bf5 5. Nc3 e6 6. Nh4 Be4 7. f3 Bg6 8. Nxg6 hxg6 9. Qb3 Qc8 10. e4 Be7 11. Bd3 O-O 12. e5 Nfd7 13. h4 c5 14. cxd5 cxd4 15. dxe6 Nc5 16. exf7+ Rxf7 17. Qc4 Nxd3+ 18. Qxd3 dxc3 19. Qxg6 Nc6 20. O-O Nxe5 21. Qe4 Qh3 22. Bf4 Bc5+ 23. Rf2 Bxf2+ 24. Kxf2 Qh2+ 25. Ke3 Qd2# 0-1


[Site "https://www.chess.com"]

[Event "Titled Tuesday Blitz July 25 Early 2023"]
[White "Ganiev, Roman"]
[Black "Goncalves, Davi Sulzbacher"]
[WhiteFideId "4131452"]
[BlackFideId "2154510"]
[WhiteElo "2603"]
[BlackElo "2412"]
[Result "1/2-1/2"]
[Round "6"]
[TimeControl "180+2"]
[Date "2023.07.25"]
[WhiteClock "0:00:05"]
[BlackClock "0:00:14"]
[Board "134"]

1. e4 c6 2. d4 d5 3. Nc3 dxe4 4. Nxe4 Nd7 5. Bc4 e6 6. Nf3 Ngf6 7. Qe2 Nxe4 8. Qxe4 Be7 9. Bf4 O-O 10. O-O-O Qa5 11. h4 Qf5 12. Qe3 Nb6 13. Bd3 Nd5 14. Bxf5 Nxe3 15. Bxh7+ Kxh7 16. Bxe3 b6 17. Ne5 Bb7 18. h5 Rad8 19. f3 Bd6 20. Nd3 Rd7 21. Bf4 Rfd8 22. Bxd6 Rxd6 23. Ne5 Kg8 24. c3 f6 25. Ng4 Kf7 26. Ne3 Ba6 27. f4 Rh8 28. Rde1 Bd3 29. g4 c5 30. dxc5 bxc5 31. g5 c4 32. g6+ Kf8 33. Rh2 Bxg6 34. Nxc4 Rc6 35. Na5 Rc5 36. Nb3 Rc7 37. Nd4 Bf7 38. Rhe2 Rxh5 39. Nxe6+ Bxe6 40. Rxe6 Rf5 41. R6e4 Kf7 42. Kc2 Ra5 43. a4 Rac5 44. R1e3 R5c6 45. b4 f5 46. Rd4 g6 47. Kb3 a6 48. c4 Rb6 49. b5 a5 50. Re5 Re6 51. Rxe6 Kxe6 52. Rd3 Ke7 53. Rg3 Kf6 54. Rc3 Rc5 55. Rd3 Ke6 56. Rd8 g5 57. fxg5 f4 58. g6 Kf6 59. Rd4 Ke5 60. Rd5+ Rxd5 61. cxd5 f3 62. g7 f2 63. g8=Q f1=Q 64. Qe6+ Kd4 65. d6 Qb1+ 66. Ka3 Qc1+ 67. Ka2 Qc2+ 68. Ka1 Qc1+ 69. Ka2 Qc2+ 70. Ka3 Qc1+ 71. Kb3 Qc3+ 72. Ka2 Qc2+ 1/2-1/2


[Site "https://www.chess.com"]

[Event "Titled Tuesday Blitz July 25 Early 2023"]
[White "Nunez V, Gustavo Eduardo"]
[Black "NicolaiMaxime"]
[WhiteFideId "4403690"]
[WhiteElo "2410"]
[BlackElo "2598"]
[Result "0-1"]
[Round "6"]
[TimeControl "180+2"]
[Date "2023.07.25"]
[WhiteClock "0:01:11"]
[BlackClock "0:01:06"]
[Board "135"]

1. e4 c5 2. Nc3 Nc6 3. g3 g6 4. Bg2 Bg7 5. d3 h5 6. Be3 d6 7. h3 h4 8. g4 Nf6 9. f4 e5 10. f5 Bd7 11. Bg5 Qa5 12. Qd2 O-O-O 13. Nf3 Rdg8 14. Bxh4 gxf5 15. exf5 d5 16. Bxf6 Bxf6 17. Nxd5 Qd8 18. c4 Nd4 19. Nxf6 Qxf6 20. Nxd4 exd4 21. O-O-O Re8 22. Rde1 Qh4 23. Re4 Qg3 24. Qe2 Bc6 25. Rxe8+ Rxe8 26. Be4 Bxe4 27. dxe4 Qf4+ 28. Qd2 Qxe4 29. Rf1 d3 30. b3 Qd4 31. Qb2 d2+ 32. Qxd2 Qa1+ 33. Kc2 Qxf1 34. Qd6 Re2+ 35. Kc3 Qc1+ 36. Kd3 Qd2# 0-1


[Site "https://www.chess.com"]

[Event "Titled Tuesday Blitz July 25 Early 2023"]
[White "Veiga, Jose Francisco R P Neves"]
[Black "Al Mukhaini, Shima"]
[WhiteFideId "1930087"]
[BlackFideId "22005854"]
[WhiteElo "2585"]
[BlackElo "2410"]
[Result "1-0"]
[Round "6"]
[TimeControl "180+2"]
[Date "2023.07.25"]
[WhiteClock "0:01:05"]
[BlackClock "0:00:14"]
[Board "136"]

1. c4 Nf6 2. Nc3 g6 3. e4 d6 4. g3 Bg7 5. Bg2 O-O 6. Nge2 c5 7. O-O Nc6 8. a3 Be6 9. d3 Qd7 10. Rb1 Bh3 11. b4 Bxg2 12. Kxg2 b6 13. h3 Ne8 14. Be3 Nd4 15. f4 Nc7 16. Bxd4 cxd4 17. Nd5 e6 18. Nxc7 Qxc7 19. Qa4 f5 20. exf5 gxf5 21. Ng1 e5 22. Qb5 Qf7 23. Rbe1 Rae8 24. Nf3 Bf6 25. fxe5 dxe5 26. Nxe5 Qh5 27. Qd5+ Kh8 28. Qf3 Qxf3+ 29. Nxf3 Re3 30. Rxe3 dxe3 31. Re1 Re8 32. Kf1 Bc3 33. Re2 a5 34. b5 a4 35. Rc2 Ba5 36. Ke2 Kg7 37. d4 Re4 38. Kd3 Re8 39. Re2 f4 40. gxf4 Kf6 41. Rxe3 Rg8 42. Ng5 h6 43. Ne4+ Kf5 44. Rg3 Rd8 45. Rg4 h5 46. Ng3+ Kf6 47. Nxh5+ Kf5 48. Ng3+ Kf6 49. f5 Be1 50. Rg6+ Kf7 51. Ne4 Rh8 52. Ng5+ Ke7 53. Rxb6 Rh5 54. Rg6 Bh4 55. Nf3 Bf6 56. b6 Rxh3 57. Ke4 Rh8 58. c5 Rd8 59. Ne5 1-0


[Site "https://www.chess.com"]

[Event "Titled Tuesday Blitz July 25 Early 2023"]
[White "Willy, Stephen"]
[Black "Fernandez, Fernando"]
[WhiteFideId "30981468"]
[BlackFideId "3802299"]
[WhiteElo "2404"]
[BlackElo "2552"]
[Result "0-1"]
[Round "6"]
[TimeControl "180+2"]
[Date "2023.07.25"]
[WhiteClock "0:00:05"]
[BlackClock "0:00:05"]
[Board "137"]

1. e4 e5 2. d4 exd4 3. Qxd4 Nc6 4. Qe3 Nf6 5. Nc3 Bb4 6. Bd2 O-O 7. O-O-O Re8 8. Qg3 Rxe4 9. Bd3 Rg4 10. Qh3 d5 11. Nf3 Re4 12. Qg3 Rg4 13. Qh3 Re4 14. Qg3 Bd6 15. Qg5 h6 16. Nxe4 hxg5 17. Nexg5 Bg4 18. h3 Bxf3 19. gxf3 Nb4 20. Bxb4 Bxb4 21. Rdg1 Qd6 22. h4 Nh5 23. Rg4 a5 24. Rhg1 a4 25. a3 Bc5 26. Nh3 Qf6 27. Ng5 Bxf2 28. R1g2 Be3+ 29. Kb1 Bxg5 30. hxg5 Qe5 31. Rh4 g6 32. Rgh2 Qxg5 33. f4 Qg3 34. f5 c5 35. fxg6 fxg6 36. R4h3 Qg1+ 37. Ka2 c4 38. Be2 Ra6 39. Bf3 Rd6 40. Rg2 Qe3 41. Bg4 Qe5 42. Bxh5 Kf8 43. Bxg6 b5 44. Rh7 d4 45. Rf7+ Kg8 46. Bh5+ Kh8 47. Bf3 Rh6 48. Rf8+ Kh7 49. Bc6 Rxc6 50. Rf7+ Kh6 51. Rf3 Qh5 52. Rf7 Qxf7 53. Rh2+ Qh5 54. Rg2 Qg6 55. Rh2+ Kg7 56. Rf2 Qf7 57. Rg2+ Kf8 58. Rh2 c3+ 0-1


[Site "https://www.chess.com"]

[Event "Titled Tuesday Blitz July 25 Early 2023"]
[White "Bilan, Danila"]
[Black "Marn, Jan"]
[WhiteFideId "24161918"]
[BlackFideId "14619245"]
[WhiteElo "2521"]
[BlackElo "2400"]
[Result "0-1"]
[Round "6"]
[TimeControl "180+2"]
[Date "2023.07.25"]
[WhiteClock "0:00:02"]
[BlackClock "0:00:06"]
[Board "138"]

1. d4 e6 2. Nf3 f5 3. g3 Nf6 4. Bg2 Be7 5. O-O O-O 6. c4 d6 7. Nc3 Ne4 8. Qc2 Nxc3 9. Qxc3 Bf6 10. b3 Qe8 11. Bg5 Nc6 12. Rad1 e5 13. Bxf6 Rxf6 14. dxe5 dxe5 15. Rd2 f4 16. Ng5 h6 17. Ne4 Rf8 18. Nc5 Rb8 19. e3 f3 20. Bh1 b6 21. Nd3 e4 22. Nf4 Bf5 23. Rfd1 Qe7 24. Nd5 Qf7 25. c5 b5 26. b4 Rbd8 27. a3 a6 28. Qb2 Be6 29. Nf4 Bc4 30. Rxd8 Nxd8 31. Qe5 Re8 32. Qh5 Qxh5 33. Nxh5 Nc6 34. g4 Ne5 35. h4 Be2 36. Rd4 Nxg4 37. Ng3 Nf6 38. h5 Kf7 39. Nf5 Re5 40. Ng3 Bc4 41. Kh2 Ke6 42. Kg1 Bd5 43. Rd1 c6 44. Kf1 Nxh5 45. Ke1 Nxg3 46. fxg3 Rg5 47. Kf2 Kf5 48. Rg1 Kg4 49. Re1 Kh3 50. Rg1 Kh2 51. g4 h5 52. Bxf3 exf3 53. e4 Bxe4 54. Re1 Rxg4 55. Re3 Rg2+ 56. Kf1 Re2 57. Rc3 g5 58. a4 g4 59. Ra3 g3 0-1


[Site "https://www.chess.com"]

[Event "Titled Tuesday Blitz July 25 Early 2023"]
[White "Yurtseven, Melih"]
[Black "Ramirez Vido, Robert Yorisan"]
[WhiteFideId "6312160"]
[BlackFideId "3513823"]
[WhiteElo "2513"]
[BlackElo "2397"]
[Result "1-0"]
[Round "6"]
[TimeControl "180+2"]
[Date "2023.07.25"]
[WhiteClock "0:00:31"]
[BlackClock "0:00:00"]
[Board "139"]

1. d4 g6 2. e4 d6 3. Nf3 Nf6 4. Nc3 Bg7 5. Be2 O-O 6. O-O e5 7. dxe5 dxe5 8. Qxd8 Rxd8 9. Bg5 Bg4 10. Nd5 Nbd7 11. Nxc7 Rac8 12. Nd5 Nxd5 13. exd5 f6 14. Be3 Rxc2 15. Bd3 Rxb2 16. Bc4 Nb6 17. Bb3 Kh8 18. Rfe1 f5 19. Bg5 Re8 20. d6 Bxf3 21. gxf3 e4 22. Rad1 Rxb3 23. axb3 Nd7 24. fxe4 fxe4 25. f3 h6 26. Bc1 Ne5 27. fxe4 Nf3+ 28. Kg2 Nxe1+ 29. Rxe1 Be5 30. Ba3 Rd8 31. Rd1 Kg7 32. Rd5 Kf6 33. d7 Ke6 34. h4 Rxd7 35. Rb5 b6 36. Rb4 Rd4 37. Rxd4 Bxd4 38. Kf3 g5 39. Bc1 gxh4 40. Bxh6 h3 41. Kg3 Ke5 42. Kf3 Bg1 43. Bg7+ Ke6 44. Bc3 h2 45. Kg2 a6 46. b4 1-0


[Site "https://www.chess.com"]